Map: Lerilak Crest

Players

LebWarrior

  • Race: Terran Terran
  • League: Bronze

SticklerMac - Winner!

  • Race: Zerg Zerg
  • League: Bronze

VOD

Have the link to the VOD?

Description

Time

  • Played on: Aug. 11, 2015, 9:09 p.m.
  • Length: 10:08
Show
View Real Time Build Order
Export as new Build Order

LebWarrior Terran 

Build Orders: MMM Bio 

Get SALT Encoding   

  12  0:01  SCV  
  13  0:13  SCV  
  14  0:22  Supply Depot  
  14  0:25  SCV  
  15  0:43  SCV  
  16  0:50  Barracks  
  16  0:55  SCV  
  17  1:07  SCV  
  18  1:20  SCV  
  19  1:27  Command Center  
  19  1:32  SCV  
  20  1:42  Supply Depot  
  20  1:44  SCV  
  21  1:47  Refinery  
  21  1:54  Refinery, Marine  
  21  1:56  SCV  
  23  2:09  Orbital Command  
  23  2:15  Marine  
  24  2:31  Engineering Bay  
  24  2:36  Barracks Tech Lab  
  24  2:40  SCV  
  25  2:53  SCV  
  25  2:54  Marine  
  25  2:57  Stimpack  
  27  3:04  Factory  
  27  3:05  SCV  
  28  3:13  SCV  
  28  3:17  SCV  
  30  3:25  SCV  
  30  3:26  Terran Infantry Weapons Level 1  
  31  3:29  SCV  
  32  3:41  SCV  
  32  3:45  Refinery  
  32  3:48  Refinery  
  33  3:50  Planetary Fortress  
  33  3:54  SCV  
  34  4:00  Marine  
  34  4:02  Factory Reactor  
  35  4:06  SCV  
  36  4:11  Barracks  
  36  4:16  Supply Depot  
  36  4:18  SCV, Marine  
  38  4:26  SCV  
  38  4:30  SCV  
  40  4:36  Marine  
  41  4:39  SCV, Widow Mine x2  
  41  4:42  SCV  
  47  4:51  SCV  
  48  4:54  SCV, Marine  
  48  4:57  Combat Shields  
  49  5:01  Barracks Reactor  
  49  5:03  SCV  
  49  5:06  SCV  
  51  5:08  Starport, Widow Mine  
  51  5:12  Marine  
  54  5:45  Supply Depot  
  54  5:54  Starport Reactor  
  54  6:06  Widow Mine  
  54  6:07  SCV x2, Supply Depot, Marine x3  
  56  6:19  SCV x2  
  56  6:24  Marine x3  
  61  6:30  Supply Depot  
  61  6:31  SCV x2  
  63  6:32  Supply Depot  
  61  6:42  Marine x3  
  61  6:43  SCV x2  
  57  6:55  SCV x2  
  57  7:00  Marine x3  
  59  7:07  SCV  
  59  7:15  Missile Turret  
  59  7:18  Marine x3  
  59  7:19  SCV  
  59  7:22  Missile Turret x2  
  61  7:27  Widow Mine  
  61  7:28  SCV  
  64  7:32  SCV  
  64  7:36  Marine x3  
  68  7:40  SCV  
  68  7:44  SCV  
  67  7:52  Medivac  
  67  7:53  SCV  
  70  7:59  Supply Depot  
  70  8:02  Marine x2  
  70  8:03  SCV, Marine  
  70  8:05  SCV, Medivac  
  66  8:15  SCV  
  66  8:17  SCV  
  66  8:19  Marine  
  67  8:20  Marine  
  67  8:21  Marine  
  67  8:22  Supply Depot  
  51  8:35  Missile Turret  
  51  8:37  Marine  
  51  8:38  Marine  
  51  8:39  SCV, Marine  
  38  8:51  SCV  
  38  8:55  Marine  
  35  8:56  Marine x2  
  32  9:03  SCV  
  32  9:04  Widow Mine  
  24  9:13  Marine x2  
  24  9:14  Marine  
  23  9:23  Missile Turret  
  21  9:24  Missile Turret  
  21  9:31  Marine x2  
  21  9:32  Widow Mine, Marine  
  21  9:34  Missile Turret  
  22  9:48  SCV, Marine  
Show
View Real Time Build Order
Export as new Build Order

SticklerMac Zerg - Winner!

Build Orders: Pool First 

Get SALT Encoding   

  12  0:01  Drone  
  13  0:13  Overlord  
  13  0:18  Drone  
  14  0:34  Drone x2  
  16  0:44  Spawning Pool  
  15  0:50  Drone  
  15  0:51  Drone  
  15  0:57  Extractor  
  16  0:59  Drone  
  17  1:09  Drone  
  18  1:25  Hatchery  
  17  1:31  Drone x2  
  19  1:39  Drone  
  20  1:46  Queen  
  22  1:51  Overlord  
  22  2:04  Overlord  
  22  2:15  Zergling x2  
  23  2:26  Lair  
  23  2:28  Zergling x2  
  24  2:37  Queen  
  24  2:42  Drone  
  24  2:43  Drone  
  28  2:45  Drone  
  28  2:50  Drone, Extractor  
  29  2:55  Drone  
  29  2:58  Drone  
  31  3:08  Drone  
  32  3:14  Drone x2  
  32  3:15  Drone  
  32  3:17  Queen  
  37  3:21  Drone x3  
  40  3:32  Spire, Extractor  
  40  3:33  Drone x2  
  40  3:34  Drone  
  41  3:45  Overlord  
  41  3:54  Drone x2  
  41  3:55  Drone  
  44  3:56  Drone, Extractor  
  44  3:57  Overlord  
  44  3:58  Overlord  
  44  4:10  Drone x3  
  44  4:11  Drone x2  
  44  4:12  Drone  
  50  4:17  Overseer  
  50  4:33  Drone x2  
  52  4:39  Overlord  
  52  4:40  Overlord  
  52  4:44  Zerg Flyer Armor Level 1  
  52  4:45  Mutalisk x3  
  52  4:46  Mutalisk  
  60  5:04  Mutalisk x2  
  64  5:16  Mutalisk  
  66  5:32  Mutalisk x2  
  70  5:42  Mutalisk  
  72  5:59  Drone x2  
  72  6:01  Mutalisk  
  72  6:02  Mutalisk  
  78  6:05  Hatchery  
  78  6:06  Hatchery  
  76  6:12  Mutalisk  
  78  6:27  Mutalisk  
  78  6:28  Mutalisk  
  82  6:45  Mutalisk x2  
  84  7:00  Overlord x5  
  82  7:23  Mutalisk x3  
  82  7:24  Mutalisk  
  86  7:54  Mutalisk x2  
  86  7:55  Mutalisk  
  90  8:17  Mutalisk x3  
  96  8:34  Zergling x2  
  96  8:35  Zergling x8  
  99  8:53  Mutalisk  
  99  8:54  Mutalisk x2  
  99  9:04  Mutalisk  
  99  9:05  Mutalisk  
  99  9:12  Mutalisk  
  99  9:14  Zergling x2  
  99  9:15  Zergling x14  
  109  9:22  Queen  
  111  9:24  Queen  
  111  9:29  Mutalisk  
  115  9:31  Mutalisk  
Tags
 
Add a new tag
Caveats
  • Supply blocks, unpowered buildings, or Contaminate may cause inaccurate times.
  • Supply counts are checked every 10 seconds.